SL
NEW AMSTERDAM REPUBLICS @ COLUMBUS TIDAL WAVES
09/22/2017
 
TOP OF THE 1ST
New Amsterdam Republics batting - Pitching for Columbus Tidal Waves : RHP Cole Hall
Pitching: RHP Cole Hall
Batting: RHB José Ramírez 0-0: Called Strike
0-1: Swinging Strike
0-2: Strikes out looking
Batting: RHB Pedro Cruz 0-0: Ball
1-0: Ball
2-0: Foul Ball, location: 2F
2-1: Ground out 6-3 (Groundball, 6)
Batting: RHB Chris Bentley 0-0: Ball
1-0: Ball
2-0: Ball
3-0: Called Strike
3-1: Base on Balls
Batting: LHB Steve Ingram 0-0: Called Strike
0-1: Swinging Strike
0-2: Ball
1-2: Ball
2-2: Foul Ball, location: 2F
2-2: Ground out 3-1 (Groundball, 3)
Top of the 1st over - 0 run(s), 0 hit(s), 0 error(s), 1 left on base; New Amsterdam 0 - Columbus 0
BOTTOM OF THE 1ST
Columbus Tidal Waves batting - Pitching for New Amsterdam Republics : RHP Joe Ellis
Pitching: RHP Joe Ellis
Batting: RHB Cale Sutton 0-0: Called Strike
0-1: SINGLE (Line Drive, 56D)
Batting: RHB George McDonald 0-0: Ball
1-0: Ball
2-0: Ball
3-0: Called Strike
3-1: Called Strike
3-2: Strikes out swinging
Cale Sutton is caught stealing 2nd base
Batter strikes out.
Batting: LHB Gonzalo López 0-0: Called Strike
0-1: Ball
1-1: SINGLE (Groundball, 34D)
Batting: LHB James Murray 0-0: Ball
Gonzalo López is caught stealing 2nd base
Bottom of the 1st over - 0 run(s), 2 hit(s), 0 error(s), 0 left on base; New Amsterdam 0 - Columbus 0
TOP OF THE 2ND
New Amsterdam Republics batting - Pitching for Columbus Tidal Waves : RHP Cole Hall
Batting: RHB Christian O'Neal 0-0: Ball
1-0: Foul Ball, location: 2F
1-1: Called Strike
1-2: Ball
2-2: Ground out 6-3 (Groundball, 6M)
Batting: RHB Noel Livingston 0-0: Fly out, F8 (Flyball, 8RXD)
Batting: RHB Ronald Shelton 0-0: Called Strike
0-1: Ball
1-1: TRIPLE (Line Drive, 8LXD)
Batting: RHB Matt Terry 0-0: Foul Ball, location: 2F
0-1: Ball
1-1: Foul Ball, location: 2F
1-2: Ground out 6-3 (Groundball, 6)
Top of the 2nd over - 0 run(s), 1 hit(s), 0 error(s), 1 left on base; New Amsterdam 0 - Columbus 0
BOTTOM OF THE 2ND
Columbus Tidal Waves batting - Pitching for New Amsterdam Republics : RHP Joe Ellis
Batting: LHB James Murray 0-0: Ball
1-0: Ball
2-0: Called Strike
2-1: Foul Ball, location: 2F
2-2: Ball
3-2: Base on Balls
Batting: RHB Juan Alvarado 0-0: Called Strike
0-1: Grounds into double play, 4-6-3 (Groundball, 4)
Batting: RHB Kevin Howard 0-0: Ball
1-0: Ball
2-0: Foul Ball, location: 2F
2-1: Foul Ball, location: 2F
2-2: Foul Ball, location: 2F
2-2: Fly out, F9 (Flyball, 9M)
Bottom of the 2nd over - 0 run(s), 0 hit(s), 0 error(s), 0 left on base; New Amsterdam 0 - Columbus 0
TOP OF THE 3RD
New Amsterdam Republics batting - Pitching for Columbus Tidal Waves : RHP Cole Hall
Batting: RHB Joe Ellis 0-0: Ball
1-0: Ball
2-0: SOLO HOME RUN (Flyball, 78XD), Distance : 391 ft
Batting: RHB José Ramírez 0-0: Ball
1-0: Fly out, F3 (Popup, 3F)
Batting: RHB Pedro Cruz 0-0: Foul Ball, location: 2F
0-1: Ball
1-1: Foul Ball, location: 2F
1-2: Foul Ball, location: 2F
1-2: Ball
2-2: Ball
3-2: Ground out 6-3 (Groundball, 6)
Batting: RHB Chris Bentley 0-0: Called Strike
0-1: Ball
1-1: Swinging Strike
1-2: Fly out, F9 (Flyball, 9S)
Top of the 3rd over - 1 run(s), 1 hit(s), 0 error(s), 0 left on base; New Amsterdam 1 - Columbus 0
BOTTOM OF THE 3RD
Columbus Tidal Waves batting - Pitching for New Amsterdam Republics : RHP Joe Ellis
Batting: LHB Trent Kershaw 0-0: Ball
1-0: Ball
2-0: Foul Ball, location: 2F
2-1: Foul Ball, location: 2F
2-2: Strikes out swinging
Batting: RHB Brian Lynch 0-0: Called Strike
0-1: Foul Ball, location: 2F
0-2: Ball
1-2: Strikes out swinging
Batting: RHB Cole Hall 0-0: Ground out 1-3 (Groundball, 15)
Bottom of the 3rd over - 0 run(s), 0 hit(s), 0 error(s), 0 left on base; New Amsterdam 1 - Columbus 0
TOP OF THE 4TH
New Amsterdam Republics batting - Pitching for Columbus Tidal Waves : RHP Cole Hall
Batting: LHB Steve Ingram 0-0: Ball
1-0: Called Strike
1-1: Ball
2-1: Ball
3-1: Fly out, F7 (Flyball, 78M)
Batting: RHB Christian O'Neal 0-0: Ball
1-0: Foul Ball, location: 2F
1-1: Foul Ball, location: 2F
1-2: Ball
2-2: Ball
3-2: Ground out 1-3 (Groundball, 23)
Batting: RHB Noel Livingston 0-0: Ball
1-0: Ball
2-0: Called Strike
2-1: Ground out 6-3 (Groundball, 6)
Top of the 4th over - 0 run(s), 0 hit(s), 0 error(s), 0 left on base; New Amsterdam 1 - Columbus 0
BOTTOM OF THE 4TH
Columbus Tidal Waves batting - Pitching for New Amsterdam Republics : RHP Joe Ellis
Batting: RHB Cale Sutton 0-0: Ball
1-0: Ground out 2-3 (Groundball, 23)
Batting: RHB George McDonald 0-0: Called Strike
0-1: Foul Ball, location: 2F
0-2: Ball
1-2: Strikes out looking
Batting: LHB Gonzalo López 0-0: Ball
1-0: Ball
2-0: SOLO HOME RUN (Line Drive, 9LD), Distance : 366 ft
Batting: LHB James Murray 0-0: Called Strike
0-1: Ball
1-1: Ball
2-1: Ball
3-1: Foul Ball, location: 2F
3-2: Foul Ball, location: 2F
3-2: Foul Ball, location: 2F
3-2: Foul Ball, location: 2F
3-2: Foul Ball, location: 2F
3-2: Foul Ball, location: 2F
3-2: Strikes out looking
Bottom of the 4th over - 1 run(s), 1 hit(s), 0 error(s), 0 left on base; New Amsterdam 1 - Columbus 1
TOP OF THE 5TH
New Amsterdam Republics batting - Pitching for Columbus Tidal Waves : RHP Cole Hall
Batting: RHB Ronald Shelton 0-0: Ball
1-0: Ball
2-0: Ball
3-0: Called Strike
3-1: Swinging Strike
3-2: Fly out, F7 (Flyball, 78XD)
Batting: RHB Matt Terry 0-0: Ball
1-0: DOUBLE (Flyball, 89XD)
Batting: RHB Joe Ellis 0-0: Ball
1-0: Ball
2-0: Foul Ball, location: 2F
2-1: Fly out, F4 (Popup, 4)
Batting: RHB José Ramírez 0-0: Called Strike
0-1: Ball
1-1: Ball
2-1: SINGLE (Groundball, 56D)
Matt Terry to third
Runner from 3rd tries for Home, SAFE, no throw or cutoff
Batting: RHB Pedro Cruz 0-0: Called Strike
0-1: Foul Ball, location: 2F
0-2: Ball
1-2: Fly out, F7 (Flyball, 78M)
Top of the 5th over - 1 run(s), 2 hit(s), 0 error(s), 1 left on base; New Amsterdam 2 - Columbus 1
BOTTOM OF THE 5TH
Columbus Tidal Waves batting - Pitching for New Amsterdam Republics : RHP Joe Ellis
Batting: RHB Juan Alvarado 0-0: Foul Ball, location: 2F
0-1: Ball
1-1: DOUBLE (Line Drive, 3D)
Batting: RHB Kevin Howard 0-0: Ball
1-0: Called Strike
1-1: SINGLE (Groundball, 56)
Juan Alvarado to third
Batting: LHB Trent Kershaw 0-0: Ball
1-0: Called Strike
1-1: DOUBLE (Line Drive, 9LD)
Juan Alvarado scores
Kevin Howard to third
Batting: RHB Brian Lynch 0-0: Intentional Walk
Batting: RHB Cole Hall 0-0: Fly out, F5 (Line Drive, 5)
Batting: RHB Cale Sutton 0-0: Fielders Choice at 2nd, 4-6 (Groundball, 4)
Kevin Howard scores
Trent Kershaw to third
Batting: RHB George McDonald 0-0: Ball
1-0: Foul Ball, location: 2F
1-1: Ball
2-1: Fly out, F9 (Flyball, 89M)
Bottom of the 5th over - 2 run(s), 3 hit(s), 0 error(s), 2 left on base; New Amsterdam 2 - Columbus 3
TOP OF THE 6TH
New Amsterdam Republics batting - Pitching for Columbus Tidal Waves : RHP Cole Hall
Batting: RHB Chris Bentley 0-0: Ball
1-0: Called Strike
1-1: DOUBLE (Flyball, 7LM)
Batting: LHB Steve Ingram 0-0: Called Strike
0-1: Ground out 4-3 (Groundball, 4)
Chris Bentley to third
Batting: RHB Christian O'Neal 0-0: Called Strike
0-1: Ball
1-1: Foul Ball, location: 2F
1-2: Ball
2-2: Ball
3-2: Fly out, F8 (Line Drive, 8LM)
Runner from 3rd tags up, SCORES, throw made
Batting: RHB Noel Livingston 0-0: Called Strike
0-1: Swinging Strike
0-2: Ball
1-2: Ball
2-2: Ball
3-2: Foul Ball, location: 2F
3-2: Foul Ball, location: 2F
3-2: Fly out, F8 (Flyball, 8LXD)
Top of the 6th over - 1 run(s), 1 hit(s), 0 error(s), 0 left on base; New Amsterdam 3 - Columbus 3
BOTTOM OF THE 6TH
Columbus Tidal Waves batting - Pitching for New Amsterdam Republics : RHP Joe Ellis
Batting: LHB Gonzalo López 0-0: Ball
1-0: Called Strike
1-1: Ball
2-1: Ball
3-1: Foul Ball, location: 2F
3-2: Base on Balls
Batting: LHB James Murray 0-0: Ball
1-0: Ball
2-0: Called Strike
2-1: Reached on error, E1 (Groundball, 13S)
Gonzalo López to second
Batting: RHB Juan Alvarado 0-0: Called Strike
0-1: Ball
1-1: Swinging Strike
1-2: Foul Ball, location: 2F
1-2: Strikes out swinging
Batting: RHB Kevin Howard 0-0: Foul Ball, location: 2F
0-1: Ball
1-1: Ball
2-1: Ball
3-1: Fly out, F9 (Flyball, 9M)
Pitching: LHP Santiago Romo
Now at C: Lawrence Bell
Batting: LHB Trent Kershaw 0-0: Ball
1-0: Called Strike
1-1: Ground out 4-3 (Groundball, 4)
Bottom of the 6th over - 0 run(s), 0 hit(s), 1 error(s), 2 left on base; New Amsterdam 3 - Columbus 3
TOP OF THE 7TH
New Amsterdam Republics batting - Pitching for Columbus Tidal Waves : RHP Cole Hall
Batting: RHB Ronald Shelton 0-0: Called Strike
0-1: Ball
1-1: Swinging Strike
1-2: Ball
2-2: Strikes out swinging
Batting: RHB Matt Terry 0-0: Ball
1-0: Foul Ball, location: 2F
1-1: Ball
2-1: Ground out 5-3 (Groundball, 15S)
Batting: RHB Lawrence Bell 0-0: Ball
1-0: Ground out 3-1 (Groundball, 34)
Top of the 7th over - 0 run(s), 0 hit(s), 0 error(s), 0 left on base; New Amsterdam 3 - Columbus 3
BOTTOM OF THE 7TH
Columbus Tidal Waves batting - Pitching for New Amsterdam Republics : LHP Santiago Romo
Batting: RHB Brian Lynch 0-0: Called Strike
0-1: Swinging Strike
0-2: Strikes out swinging
Pinch Hitting: RHB Justin Maldonado 0-0: Ground out 6-3 (Groundball, 6)
Batting: RHB Cale Sutton 0-0: DOUBLE (Line Drive, 3D)
Batting: RHB George McDonald 0-0: Ball
1-0: Ball
2-0: Ground out 5-3 (Groundball, 5)
Bottom of the 7th over - 0 run(s), 1 hit(s), 0 error(s), 1 left on base; New Amsterdam 3 - Columbus 3
TOP OF THE 8TH
New Amsterdam Republics batting - Pitching for Columbus Tidal Waves : RHP Cole Hall
Pitching: RHP Omer van Osch
Batting: RHB José Ramírez 0-0: Called Strike
0-1: Ball
1-1: Foul Ball, location: 2F
1-2: Foul Ball, location: 2F
1-2: Ball
2-2: Foul Ball, location: 2F
2-2: Ground out 5-3 (Groundball, 5L)
Batting: RHB Pedro Cruz 0-0: DOUBLE (Line Drive, 89M)
Batting: RHB Chris Bentley 0-0: Ball
1-0: Ball
2-0: Ground out 4-3 (Groundball, 34)
Pedro Cruz to third
Batting: LHB Steve Ingram 0-0: Ball
1-0: Ball
2-0: Ball
3-0: Base on Balls
Batting: RHB Christian O'Neal 0-0: Ball
1-0: Ball
2-0: Called Strike
2-1: Ball
3-1: Foul Ball, location: 2F
3-2: Fly out, F8 (Flyball, 8LM)
Top of the 8th over - 0 run(s), 1 hit(s), 0 error(s), 2 left on base; New Amsterdam 3 - Columbus 3
BOTTOM OF THE 8TH
Columbus Tidal Waves batting - Pitching for New Amsterdam Republics : LHP Santiago Romo
Batting: LHB Gonzalo López 0-0: Ball
1-0: Called Strike
1-1: Called Strike
1-2: Foul Ball, location: 2F
1-2: SINGLE (Groundball, 4MD)
Batting: LHB James Murray 0-0: Ball
1-0: Ball
2-0: Ball
Gonzalo López steals 2nd base
3-0: Intentional Walk
Batting: RHB Juan Alvarado 0-0: Called Strike
0-1: Ball
1-1: Fly out, F8 (Flyball, 8RD)
Runner from 2nd tags up, SAFE at 3rd, no throw
Batting: RHB Kevin Howard 0-0: Called Strike
0-1: Ball
1-1: Ball
2-1: SINGLE (Groundball, 6MD)
Gonzalo López scores
James Murray to second
Batting: LHB Trent Kershaw 0-0: Ball
1-0: Ball
2-0: Swinging Strike
2-1: Foul Ball, location: 2F
2-2: Foul Ball, location: 2F
2-2: Fielders Choice at 2nd, 4-6 (Groundball, 4)
James Murray to third
Batting: RHB Brian Lynch 0-0: Ball
1-0: Called Strike
1-1: Fly out, F8 (Flyball, 78S)
Bottom of the 8th over - 1 run(s), 2 hit(s), 0 error(s), 2 left on base; New Amsterdam 3 - Columbus 4
TOP OF THE 9TH
New Amsterdam Republics batting - Pitching for Columbus Tidal Waves : RHP Omer van Osch
Pitching: RHP Eric Miller
Pinch Hitting: LHB Daniel Clark 0-0: Ball
1-0: DOUBLE (Flyball, 89XD)
Batting: RHB Ronald Shelton 0-0: Swinging Strike
0-1: Ball
1-1: Foul Ball, location: 2F
1-2: Foul Ball, location: 2F
1-2: Strikes out swinging
Batting: RHB Matt Terry 0-0: Called Strike
0-1: Ball
1-1: Ball
2-1: Foul Ball, location: 2F
2-2: Ball
3-2: Fly out, F8 (Flyball, 78M)
Batting: RHB Lawrence Bell 0-0: Ball
1-0: Called Strike
1-1: Foul Ball, location: 2F
1-2: Foul Ball, location: 2F
1-2: Ball
2-2: Strikes out looking
Top of the 9th over - 0 run(s), 1 hit(s), 0 error(s), 1 left on base; New Amsterdam 3 - Columbus 4
This league is powered by Out of the Park Baseball, the baseball management simulation game for PC, Mac and Linux
Saturday, February 27th, 2021 - OOTP Baseball 15.6 Build 34